 Dungeon Crawl Stone Soup version 0.22-a0-515-g75794bf (webtiles) character file.

11 wazuzu the Ruffian (level 2, -6/23 HPs)
             Began as a Centaur Transmuter on June 19, 2018.
             Mangled by a gnoll
             ... wielding a +0 halberd
              (7 damage)
             ... on level 1 of the Dungeon.
             The game lasted 00:01:27 (279 turns).

wazuzu the Ruffian (Centaur Transmuter)              Turns: 279, Time: 00:01:28

Health: -6/23      AC:  4    Str:  9    XL:     2   Next: 17%
Magic:  4/4        EV:  9    Int: 12    God:
Gold:   45         SH:  0    Dex:  9    Spells: 3/4 levels left

rFire    . . .     SeeInvis .     - Unarmed
rCold    . . .     Gourm    .   (no shield)
rNeg     . . .     Faith    .   b - +0 robe
rPois    .         Spirit   .   (no helmet)
rElec    .         Reflect  .   (no cloak)
rCorr    .         Harm     .   (no gloves)
MR       .....                  (no barding)
Stlth    +.........             (no amulet)
HPRegen  0.07/turn              e - -3 ring of strength (curse)
MPRegen  0.09/turn              (no ring)

@: very quick
A: large, hooves 3, deformed body, speed 2, tough skin 3
a: no special abilities


You were on level 1 of the Dungeon.
You were not hungry.

You visited 1 branch of the dungeon, and saw 1 of its levels.

You collected 45 gold pieces.

Inventory:

Missiles
 a - 12 arrows
 c - 3 stones (quivered)
Armour
 b - a +0 robe (worn)
Jewellery
 e - a cursed -3 ring of strength (left hand)
Comestibles
 d - 2 rations
 g - 3 chunks of flesh


   Skills:
 + Level 1.4 Fighting
 - Level 1.3 Dodging
 * Level 3.4 Unarmed Combat
 - Level 1.5 Spellcasting
 - Level 1.7 Transmutations


You had 3 spell levels left.
You knew the following spells:

 Your Spells              Type           Power        Failure   Level  Hunger
a - Beastly Appendage     Tmut           #.....       14%         1    ##.....

Your spell library contained the following spells:

 Spells                   Type           Power        Failure   Level  Hunger
 Spider Form              Tmut/Pois      #.........   52%         3    ####...
 Blade Hands              Tmut           #.........   98%         5    ######.
 Ice Form                 Ice/Tmut       #.......     89%         4    #####..
 Sticks to Snakes         Tmut           #.......     22%         2    ###....


Dungeon Overview and Level Annotations

Branches:
Dungeon (1/15)

Altars:


Innate Abilities, Weirdness & Mutations

You have hooves in place of feet.
Armour fits poorly on your strangely shaped body.
You cover ground very quickly.
You have extremely tough skin. (AC +3)


Message History

The bat hits you but does no damage. The gnoll hits you but does no damage.
The bat hits you but does no damage. The gnoll hits you but does no damage.
The bat hits you but does no damage.
The gnoll hits you from afar with a halberd.
The bat hits you but does no damage. The gnoll hits you but does no damage.
You feel less wooden.
Your +0 robe unmelds from your body.
The bat hits you but does no damage. The gnoll closely misses you.
The bat hits you but does no damage. The bat barely misses you.
The gnoll closely misses you. The bat hits you but does no damage.
The gnoll hits you from afar with a halberd!
* * * LOW HITPOINT WARNING * * *
The bat hits you.
* * * LOW HITPOINT WARNING * * *
The bat closely misses you. The gnoll barely misses you.
The bat hits you but does no damage. The gnoll closely misses you.
The bat hits you but does no damage. The bat barely misses you.
The gnoll hits you from afar with a halberd!
You die...

........... #..........
......... ...... . #.#.#
#...#####...##
#......g...# ######.b.#.#
#..@##.### ##........# .
## ###.....†...# .. .#
#....#.......# ..##.#
#.#.##.......#
.....######...##.........
........##...###.......##
...#.#...#...# #.......#
.#.#........######.#.#.#


You could see a gnoll and a bat.

Vanquished Creatures
  A leopard gecko (D:1)
  A giant cockroach (D:1)
  2 goblins (D:1)
  A hobgoblin (D:1)
  2 frilled lizards (D:1)
  2 kobolds (D:1)
  A rat (D:1)
10 creatures vanquished.

Notes
Turn   | Place    | Note
-------+----------+-------------------------------------------
     0 | D:1      | wazuzu the Centaur Transmuter began the quest for the Orb.
     0 | D:1      | Reached XP level 1. HP: 16/16 MP: 3/3
   149 | D:1      | Reached XP level 2. HP: 17/23 MP: 4/4
   276 | D:1      | HP: 1/23 [bat (1)]
   279 | D:1      | Mangled by a gnoll

Vault maps used:
D:1:      sevenhm_arrival_forest_fort_small_3, minmay_small_reverse_x

Action                   || total
-------------------------++-------
Melee: Unarmed           ||    32
       Kick              ||     3
       Punch             ||     1
 Cast: Beastly Appendage ||     2
  Use: Potion            ||     1
Armor: Robe              ||    15
       Skin              ||    53
Dodge: Dodged            ||    21

Table legend:
 A = Spawn XP
 B = Non-spawn XP
 C = Spawn XP percentage of total XP
 D = Spawn monster count
 E = Non-spawn monster count
 F = Spawn count percentage of total count
 G = Total turns spent on level
                    A         B        C        D         E        F      G
               +---------+---------+-------+---------+---------+-------+---------
         Total |       0 |      17 |   0.0 |       0 |      10 |   0.0 |   279
               +---------+---------+-------+---------+---------+-------+---------
           D:1 |       0 |      17 |   0.0 |       0 |      10 |   0.0 |   279
               +---------+---------+-------+---------+---------+-------+---------
